 Dungeon Sprint DCSS version 0.32-a0-350-g4f4d228785 (webtiles) character file.

Game seed: 7242835174996624576

25291 rocky1 the Shatterer (level 12, -7/134 HPs)
             Began as a Mountain Dwarf Monk on Feb 18, 2024.
             Was an Initiate of Gozag.
             Mangled by an ettin
             ... wielding a +0 dire flail
              (16 damage)
             ... in the Dungeon (Sprint IX: "|||||||||||||||||||||||||||||").
             The game lasted 00:15:56 (3513 turns).

rocky1 the Shatterer (Mountain Dwarf Monk)          Turns: 3513, Time: 00:15:57

Health: -7/134     AC: 32    Str: 22    XL:     12   Next: 88%
Magic:  25/25      EV: 13    Int: 12    God:    Gozag
Gold:   64         SH:  0    Dex: 12    Spells: 30/30 levels left

rFire   . . .        m - +2 morningstar (protect)
rCold   + . .        d - orb {light}
rNeg    . . .        C - +3 chain mail of the Thunderstorm {rC+ Will+ Str+2}
rPois   +            H - +1 helmet
rElec   .            y - +0 cloak {rCorr}
rCorr   +            v - +0 pair of gloves
SInv    .            A - +2 pair of boots {Stlth+}
Will    ++...        (no amulet) Stlth
                     s - ring of Ulie {rCorr Int+2 Slay+3}
HPRegen 0.42/turn    b - ring of poison resistance
MPRegen 0.19/turn

%: no teleportation
@: gold aura, under a protective aura, glowing
A: runic magic, artefact enchanting
a: Renounce Religion, Potion Petition, Call Merchant, Bribe Branch


You were in the Dungeon.
You worshipped Gozag.
Gozag was noncommittal.
You visited 1 branch You collected 9935 gold pieces.
You spent 4057 gold pieces at shops.
You paid 5814 gold pieces to Gozag.

Inventory:

Hand Weapons
 m - a +2 morningstar of protection (weapon)
Armour
 d - an orb of light (worn)
 p - a +2 ring mail
 r - a +2 kite shield of protection
 v - a +0 pair of gloves (worn)
 y - a +0 cloak of preservation (worn)
 A - a +2 pair of boots of stealth (worn)
 B - the +1 plate armour of the Hills {-Tele Will+ Int+4 Stlth+}
   (You bought it in a shop in the Dungeon)

   Int+4:     It affects your intelligence (+4).
   Will+:     It increases your willpower.
   -Tele:     It prevents most forms of teleportation.
   Stlth+:    It makes you more stealthy.
 C - the +3 chain mail of the Thunderstorm (worn) {rC+ Will+ Str+2}
   (You bought it in a shop in the Dungeon)

   Str+2:     It affects your strength (+2).
   rC+:       It protects you from cold.
   Will+:     It increases your willpower.
 F - a +1 tower shield of reflection
 H - a +1 helmet (worn)
Jewellery
 b - a ring of poison resistance (right hand)
 s - the ring of Ulie (left hand) {rCorr Int+2 Slay+3}
   (You found it in the Dungeon)

   [ring of resist corrosion]

   Int+2:     It affects your intelligence (+2).
   Slay+3:    It affects your accuracy & damage with ranged weapons and melee
   (+3).
   rCorr:     It protects you from acid and corrosion.
 D - a ring of willpower
 E - a ring of protection from cold
Scrolls
 j - 8 scrolls of blinking
 k - 3 scrolls of amnesia
 q - a scroll of revelation
 t - 4 scrolls of enchant weapon
 u - a scroll of identify
 w - 3 scrolls of fear
 x - a scroll of poison
 z - a scroll of silence
Potions
 a - a potion of berserk rage
 c - a potion of ambrosia
 e - 5 potions of curing
 f - 2 potions of heal wounds
 g - 2 potions of haste
 h - 4 potions of magic
 i - a potion of invisibility
 l - a potion of resistance
 n - a potion of brilliance
 o - a potion of mutation


   Skills:
 * Level 20.6 Fighting
 - Level 21.3 Maces & Flails
 + Level 13.6 Armour
 - Level 10.9 Dodging
 - Level 2.2 Shields
 + Level 9.9 Spellcasting
 + Level 5.8 Fire Magic
 - Level 2.2 Evocations


You had 30 spell levels left.
You didn't know any spells.
Your spell library was empty.

Dungeon Overview and Level Annotations

Branches:
Dungeon (1/1)

Altars:
Cheibriados
Dithmenos
Elyvilon
Fedhas
Gozag
Hepliaklqana
Kikubaaqudgha
Makhleb
Nemelex Xobeh
Okawaru
Qazlal
Ru
Sif Muna
Trog
Uskayaw
Vehumet
Wu Jian
Xom
Yredelemnul
Zin
The Shining One
Beogh
Jiyva
Lugonu

Shops:
D [(:([?[[


Innate Abilities, Weirdness & Mutations

Your spellcasting is much less encumbered by armour.
You can use scrolls of enchantment on lesser artefacts.


Message History

You start to feel less resistant.
You impale the fire dragon!!
The fire dragon is moderately wounded.
The fire dragon bites you but does no damage.
The fire dragon barely misses you.
The fire dragon tramples you but does no damage.
You barely miss the fire dragon.
The fire dragon is lightly wounded.
The fire dragon bites you but does no damage.
The fire dragon completely misses you.
The fire dragon tramples you but does no damage.
You sock the fire dragon!
The fire dragon is moderately wounded.
The fire dragon breathes flames at you. The blast of flame hits you!!
You resist.
* * * LOW HITPOINT WARNING * * *
You bludgeon the fire dragon!!
The fire dragon is severely wounded.
You sock the fire dragon!
The fire dragon is almost dead.
The fire dragon bites you but does no damage.
The fire dragon claws you but does no damage.
The fire dragon tramples you but does no damage.
You impale the fire dragon!!
You kill the fire dragon!
You hit the ettin.
The ettin is lightly wounded.
You feel much better.
Your resistance to elements expires.
The ettin completely misses you. The ettin hits you but does no damage.
You hit the ettin.
The ettin is lightly wounded.
The ettin hits you but does no damage. The ettin barely misses you.
You sock the ettin!
The ettin is heavily wounded.
The ettin hits you with a +0 dire flail!!
* * * LOW HITPOINT WARNING * * *
The ettin hits you with a +0 dire flail!
You die...
Your body crumbles into a pile of gold.

[[...'.([(........'.........'....
▓▓▓▓▓▓▓▓▓▓▓▓▓▓▓▓▓▓▓▓▓▓▓▓▓▓▓▓▓▓▓▓▓
..)...........................)..
▓▓▓▓▓▓▓▓▓▓▓▓▓▓▓▓▓▓▓▓▓▓▓▓▓▓▓▓▓▓▓▓▓
.'...=.∩.∩.∩.∩....)'.)))))).))))'
▓▓▓▓▓▓▓▓▓▓▓▓▓▓▓▓▓▓▓▓▓▓▓▓▓▓▓▓▓▓▓▓▓
.................................
▓▓▓▓▓▓▓▓▓▓▓▓▓▓▓▓▓▓▓▓▓▓▓▓▓▓▓▓▓▓▓▓▓
....TuC@$$....∩.∩..[[[[[
▓▓▓▓▓▓▓▓▓▓▓▓▓▓▓▓▓▓▓▓▓▓▓▓


You could see a brown ugly thing, an ettin and a deep troll shaman.

Vanquished Creatures
  Gastronok (D)
  A very ugly thing (D)
  2 fire dragons (D)
  3 ettins (D)
  2 ogre magi (D)
  Erica (D)
  A boulder beetle (D)
  2 two-headed ogres (D)
  A death knight (D)
  3 centaur warriors (D)
  4 deep trolls (D)
  2 orc sorcerers (D)
  2 ugly things (D)
  A manticore (D)
  An orc knight (D)
  Maurice (D)
  A cyclops (D)
  A black mamba (shapeshifter) (D)
  3 cane toads (D)
  A kobold demonologist (D)
  2 rime drakes (D)
  6 komodo dragons (D)
  6 trolls (D)
  6 polar bears (D)
  2 wyverns (D)
  A basilisk (D)
  A yak (D)
  A vampire mosquito (D)
  Grum (D)
  3 water moccasins (D)
  9 orc warriors (D)
  3 black bears (D)
  An ogre (D)
  A centaur (D)
  3 wolves (D)
  3 bullfrogs (D)
  A killer bee (D)
  A howler monkey (D)
  A bombardier beetle (D)
  3 orc priests (D)
  2 orc wizards (D)
  An adder (D)
  An ufetubus (D)
  7 orcs (D)
  A hobgoblin (D)
  A kobold (D)
  2 quokkas (D)
  A frilled lizard (D)
105 creatures vanquished.

Notes
Turn   | Place    | Note
-------+----------+-------------------------------------------
     0 | D        | rocky1 the Mountain Dwarf Monk began the quest for the Orb.
     0 | D        | Reached XP level 1. HP: 19/19 MP: 1/1
     7 | D        | Reached skill level 4 in Maces & Flails
    21 | D        | Reached XP level 2. HP: 14/27 MP: 2/2
    80 | D        | Noticed a bombardier beetle
    80 | D        | Noticed a black bear
    80 | D        | Noticed an ogre
    84 | D        | Killed an ogre
    85 | D        | Reached skill level 7 in Maces & Flails
    85 | D        | Reached XP level 3. HP: 37/37 MP: 3/3
    85 | D        | Reached XP level 4. HP: 44/44 MP: 4/4
    88 | D        | Reached skill level 8 in Maces & Flails
    93 | D        | Killed a black bear
    94 | D        | Reached skill level 9 in Maces & Flails
    94 | D        | Reached skill level 5 in Dodging
    94 | D        | Reached XP level 5. HP: 30/53 MP: 5/5
    98 | D        | Reached skill level 10 in Maces & Flails
   334 | D        | Found a roughly hewn altar of Beogh.
   334 | D        | Found a snail-covered altar of Cheibriados.
   334 | D        | Found a shadowy altar of Dithmenos.
   334 | D        | Found a white marble altar of Elyvilon.
   334 | D        | Found a blossoming altar of Fedhas.
   334 | D        | Found an opulent altar of Gozag.
   335 | D        | Found a hazy altar of Hepliaklqana.
   336 | D        | Found a viscous altar of Jiyva.
   337 | D        | Found an ancient bone altar of Kikubaaqudgha.
   338 | D        | Found a corrupted altar of Lugonu.
   339 | D        | Found a burning altar of Makhleb.
   340 | D        | Found a sparkling altar of Nemelex Xobeh.
   341 | D        | Found an iron altar of Okawaru.
   342 | D        | Found a stormy altar of Qazlal.
   344 | D        | Became a worshipper of Gozag Ym Sagoz the Greedy
   346 | D        | Found a sacrificial altar of Ru.
   347 | D        | Found a shimmering blue altar of Sif Muna.
   348 | D        | Found a bloodstained altar of Trog.
   349 | D        | Found a hide-covered altar of Uskayaw.
   350 | D        | Found a radiant altar of Vehumet.
   351 | D        | Found an ornate altar of the Wu Jian Council.
   352 | D        | Found a shimmering altar of Xom.
   353 | D        | Found a basalt altar of Yredelemnul.
   354 | D        | Found a glowing silver altar of Zin.
   355 | D        | Found a glowing golden altar of the Shining One.
   402 | D        | Noticed a centaur
   402 | D        | Noticed a two-headed ogre
   402 | D        | Noticed a two-headed ogre
   402 | D        | Noticed a wyvern
   404 | D        | Reached XP level 6. HP: 57/62 MP: 6/6
   405 | D        | Reached skill level 11 in Maces & Flails
   409 | D        | Killed a two-headed ogre
   410 | D        | Reached skill level 13 in Maces & Flails
   410 | D        | Reached skill level 1 in Evocations
   410 | D        | Reached XP level 7. HP: 66/74 MP: 7/7
   410 | D        | Killed a wyvern
   411 | D        | Reached skill level 14 in Maces & Flails
   411 | D        | Reached XP level 8. HP: 74/82 MP: 8/8
   415 | D        | Killed a two-headed ogre
   416 | D        | Reached skill level 15 in Maces & Flails
   464 | D        | Noticed a kobold demonologist
   464 | D        | Noticed a black mamba
   464 | D        | Noticed a centaur warrior
   464 | D        | Noticed a komodo dragon
   464 | D        | Noticed a centaur warrior
   467 | D        | Reached skill level 1 in Armour
   467 | D        | Noticed a rust devil
   467 | D        | Killed a centaur warrior
   467 | D        | Killed a black mamba
   468 | D        | Reached skill level 16 in Maces & Flails
   468 | D        | Reached XP level 9. HP: 67/92 MP: 8/13
   468 | D        | Killed a centaur warrior
   468 | D        | Killed a komodo dragon
   469 | D        | Reached skill level 17 in Maces & Flails
   469 | D        | Reached skill level 5 in Armour
   469 | D        | Killed a kobold demonologist
   663 | D        | Noticed Maurice
   675 | D        | Maurice stole a +4 quarterstaff of speed
   682 | D        | Killed Maurice
   683 | D        | Reached XP level 10. HP: 101/101 MP: 13/16
  1192 | D        | Got the ring of Ulie {rCorr Int+2 Slay+3}
  1208 | D        | Noticed a cane toad
  1216 | D        | Killed a cane toad
  1217 | D        | Reached skill level 18 in Maces & Flails
  1224 | D        | Reached skill level 5 in Spellcasting
  1290 | D        | Noticed a cane toad
  1302 | D        | Noticed a cane toad
  1307 | D        | Reached skill level 19 in Maces & Flails
  1323 | D        | Killed a cane toad
  1326 | D        | Killed a cane toad
  1711 | D        | Reached XP level 11. HP: 109/111 MP: 20/20
  1723 | D        | Reached skill level 15 in Fighting
  1723 | D        | Reached skill level 10 in Dodging
  1802 | D        | Noticed Grum
  1814 | D        | Killed Grum
  1815 | D        | Reached skill level 20 in Maces & Flails
  1852 | D        | Noticed Erica
  1861 | D        | Killed Erica
  2078 | D        | Noticed an orc sorcerer
  2078 | D        | Noticed an orc knight
  2079 | D        | Noticed an orc sorcerer
  2094 | D        | Noticed an ettin
  2094 | D        | Killed an orc knight
  2100 | D        | Paralysed by an orc sorcerer for 4 turns
  2107 | D        | Killed an orc sorcerer
  2108 | D        | Reached skill level 10 in Armour
  2109 | D        | Killed an orc sorcerer
  2117 | D        | Killed an ettin
  2549 | D        | Found Xovvie Fypn's Magic Scroll Boutique.
  2549 | D        | Noticed an ettin
  2549 | D        | Noticed an ogre mage
  2549 | D        | Noticed a deep troll
  2549 | D        | Noticed a deep troll
  2555 | D        | Killed a deep troll
  2558 | D        | Paralysed by an ogre mage for 3 turns
  2627 | D        | Killed an ogre mage
  2633 | D        | Killed an ettin
  2643 | D        | Killed a deep troll
  2658 | D        | Reached XP level 12. HP: 43/125 MP: 23/25
  2981 | D        | Found Finilan's Antique Armour Shop.
  2984 | D        | Found Ozeufa's Weapon Boutique.
  2986 | D        | Found Tuneir's Book Shop.
  2993 | D        | Noticed an ogre mage
  3002 | D        | Reached skill level 21 in Maces & Flails
  3017 | D        | Killed an ogre mage
  3057 | D        | Bought a scroll of revelation for 97 gold pieces
  3057 | D        | Bought a scroll of fear for 52 gold pieces
  3057 | D        | Bought a scroll of poison for 52 gold pieces
  3057 | D        | Bought a scroll of blinking for 97 gold pieces
  3057 | D        | Bought a scroll of fear for 52 gold pieces
  3057 | D        | Bought a scroll of enchant armour for 97 gold pieces
  3057 | D        | Bought a scroll of silence for 123 gold pieces
  3059 | D        | Bought crude swamp dragon scales for 1265 gold pieces
  3059 | D        | Identified the +3 swamp dragon scales of the Guardian {Harm
                  | rPois} (You bought it in a shop in the Dungeon)
  3059 | D        | Bought an embroidered scarf for 184 gold pieces
  3085 | D        | Bought a shiny kite shield for 172 gold pieces
  3085 | D        | Bought a pair of embroidered boots for 172 gold pieces
  3085 | D        | Bought a pair of embroidered boots for 172 gold pieces
  3131 | D        | Noticed Gastronok
  3147 | D        | Killed Gastronok
  3357 | D        | Bought a smouldering plate armour for 756 gold pieces
  3357 | D        | Identified the +1 plate armour of the Hills {-Tele Will+
                  | Int+4 Stlth+} (You bought it in a shop in the Dungeon)
  3357 | D        | Bought a heavily runed chain mail for 256 gold pieces
  3357 | D        | Identified the +2 chain mail of the Thunderstorm {rC+ Will+
                  | Str+2} (You bought it in a shop in the Dungeon)
  3371 | D        | Bought a runed cloak for 255 gold pieces
  3371 | D        | Bought a glowing tower shield for 255 gold pieces
  3387 | D        | Noticed a boulder beetle
  3387 | D        | Noticed a centaur warrior
  3389 | D        | Noticed a death knight
  3394 | D        | Reached skill level 1 in Shields
  3398 | D        | Killed a centaur warrior
  3399 | D        | Noticed a fire dragon
  3412 | D        | Noticed an ettin
  3415 | D        | Noticed a cyan very ugly thing
  3422 | D        | Reached skill level 1 in Fire Magic
  3446 | D        | Killed a cyan very ugly thing
  3452 | D        | Killed a boulder beetle
  3454 | D        | Noticed a fire dragon
  3462 | D        | Noticed an ettin
  3476 | D        | Killed a death knight
  3486 | D        | Killed a fire dragon
  3491 | D        | Noticed a deep troll shaman
  3496 | D        | Killed an ettin
  3497 | D        | Reached skill level 5 in Fire Magic
  3509 | D        | Killed a fire dragon
  3513 | D        | Mangled by an ettin

Illustrated notes

Levels and vault maps discovered:
D:        linesprint [early_d, line_temple, items_1, d_10, items_2, lair_1,
          lair_end, items_3, orc_1, orc_end, items_4, d_15, swamp_1, shoals_1,
          snake_1, spider_1, d_20, vaults_1, items_5, swamp_end, shoals_end,
          snake_end, spider_end, vaults_end, d_27, items_6, zot_1, zot_end,
          crypt_end, forest_end, elf_end, slime_end, tomb_end, abyss_end,
          pan_hell_end]

Skill      XL: |  1  2  3  4  5  6  7  8  9 10 11 12 |
---------------+-------------------------------------+-----
Maces & Flails | 4 7 9 10 13 14 16 17 19 20 21 | 21.3
Fighting       | 4 6 7 8 11 12 13 14 17 20 | 20.6
Dodging        | 4 5 7 8 9 10 | 10.9
Evocations     | 1 2 |  2.2
Armour         | 4 6 8 11 13 | 13.6
Spellcasting   | 3 4 6 9 |  9.9
Shields        | 2 |  2.2
Fire Magic     | 5 |  5.8

Action                     |  1- 3 |  4- 6 |  7- 9 | 10-12 || total
---------------------------+-------+-------+-------+-------++-------
  Melee: Mace              |    20 |    11 |       |       ||    31
         Morningstar       |       |     4 |    13 |   379 ||   396
 Invoke: Potion Petition   |       |       |       |     7 ||     7
         Call Merchant     |       |       |       |     4 ||     4
  Evoke: Wand              |       |     3 |     7 |       ||    10
    Use: Potion            |     1 |       |       |     8 ||     9
         Scroll            |       |       |       |     1 ||     1
   Stab: Distracted        |       |       |       |     2 ||     2
 Armour: Robe              |    15 |     8 |       |       ||    23
         Ring mail         |       |     3 |     5 |   144 ||   152
         Skin              |       |       |     7 |    32 ||    39
         Chain mail        |       |       |       |    81 ||    81
  Dodge: Dodged            |    14 |     8 |     8 |   213 ||   243

Table legend: (Time is in decaauts)
 A = Elapsed time spent in this place.
 B = Non-inter-level travel time spent in this place.
 C = Inter-level travel time spent in this place.
 D = Time resting spent in this place.
 E = Time spent auto-exploring this place.
 F = Levels seen in this place.
 G = Mean time per level.
                   A        B        C        D        E       F      G
               +--------+--------+--------+--------+--------+-----+--------+
         Total |   3365 |   3365 |      0 |   2036 |      0 |   1 | 3365.0 |
       Dungeon |   3365 |   3365 |      0 |   2036 |      0 |   1 | 3365.0 |
               +--------+--------+--------+--------+--------+-----+--------+

Top non-repeatable levels by time:
       D: 3365 daAuts
